 Dungeon Crawl Stone Soup version 0.31-a0-986-g5e6e4ef867 (webtiles) character file.

Game seed: 1094333645194669727

25 Lobster4 the Digger (level 3, 0/27 HPs)
             Began as a Ghoul Earth Elementalist on Nov 21, 2023.
             Slain by a jackal (2 damage)
             ... on level 1 of the Dungeon.
             The game lasted 00:02:27 (894 turns).

Lobster4 the Digger (Ghoul Earth Elementalist)       Turns: 894, Time: 00:02:28

Health: 0/27       AC:  2    Str: 11    XL:     3   Next: 4%
Magic:  0/4        EV: 12    Int: 12    God:
Gold:   29         SH:  0    Dex:  9    Spells: 2/5 levels left

rFire   . . .        c - +0 dagger
rCold   + . .        (no shield)
rNeg    + + +        a - +0 robe
rPois   ∞            (no helmet)
rElec   .            (no cloak)
rCorr   .            (no gloves)
SInv    .            (no boots)
Will    .....        (no amulet)
Stlth   ++           (no ring)
HPRegen 0.00/turn    (no ring)
MPRegen 0.09/turn

%: no passive effects
@: inhibited regen
A: claws 1, cold resistance 1, negative energy resistance 3, inhibited
regeneration, torment resistance 2, devour on kill
a: no special abilities


You were on level 1 of the Dungeon.
You visited 1 branch of the dungeon, and saw 1 of its levels.

You collected 29 gold pieces.

Inventory:

Hand Weapons
 c - a +0 dagger (weapon)
Missiles
 d - 5 poisoned darts
 e - 7 boomerangs (quivered)
 f - 3 atropa-tipped darts
Armour
 a - a +0 robe (worn)
Scrolls
 h - a scroll of silence
Potions
 b - a potion of magic


   Skills:
 + Level 0.5 Fighting
 + Level 0.4 Armour
 - Level 2.0 Dodging
 + Level 2.5 Stealth
 + Level 1.9 Spellcasting
 * Level 0.6 Conjurations
 - Level 1.0 Transmutations
 * Level 3.6 Earth Magic


You had 2 spell levels left.
You knew the following spells:

 Your Spells              Type           Power      Damage    Failure   Level
a - Sandblast             Erth           18%        2d7       6%          1
p - Passwall              Tmut/Erth      5%         N/A       16%         2

Your spell library contained the following spells:

 Spells                   Type           Power      Damage    Failure   Level
 Stone Arrow              Conj/Erth      12%        3d7       34%         3
 Petrify                  Tmut/Erth      6%         N/A       71%         4
 Brom's Barrelling Bould  Conj/Erth      6%         2d3       75%         4


Dungeon Overview and Level Annotations

Branches:
Dungeon (1/15)

Altars:


Innate Abilities, Weirdness & Mutations

You are immune to poison.
You have sharp fingernails.
Your flesh is cold resistant. (rC+)
You are immune to negative energy. (rN+++)
You do not regenerate when monsters are visible.
You are immune to unholy pain and torment.
You thrive by killing the living.


Message History

Confirm with . or Enter, or press ? or * to list all spells.
Aiming: Sandblast (safe; 8% risk of failure)
Press: ? - help, Shift-Dir - straight line, f - jackal
Aim: a jackal (76% to hit)
The blast of sand hits the jackal!
You kill the jackal!
The bat hits you but does no damage.
Training target 2.0 for Dodging reached!
Your Dodging skill increases to level 2!
You have reached level 3!
Your experience leads to an increase in your attributes!
Increase (S)trength, (I)ntelligence, or (D)exterity?
You feel clever. x2
The bat attacks as it pursues you! The bat barely misses you.
The bat hits you but does no damage. The bat hits you but does no damage.
The bat barely misses you. The bat hits you.
* * * LOW HITPOINT WARNING * * *
The bat hits you.
* * * LOW HITPOINT WARNING * * *
Casting: Sandblast (safe; 6% risk of failure)
Confirm with . or Enter, or press ? or * to list all spells.
Aiming: Sandblast (safe; 6% risk of failure)
Press: ? - help, Shift-Dir - straight line, f - bat
Aim: a bat (71% to hit)
The blast of sand hits the bat!
You kill the bat!
You feel better. The jackal misses you.
Casting: Sandblast (safe; 6% risk of failure)
Confirm with . or Enter, or press ? or * to list all spells.
Aiming: Sandblast (safe; 6% risk of failure)
Press: ? - help, Shift-Dir - straight line, f - jackal
Aim: a jackal (76% to hit)
The blast of sand hits the jackal.
The jackal is almost dead.
The jackal bites you.
* * * LOW HITPOINT WARNING * * *
The jackal bites you.
You die...

##.###...#.#...#####.# #.#
#...#........#.......# #.#
..8...8........####### #.#
#.........#...## #.#
#.##....#...### #.# #.##.###..[##
#.# ..#.## ##.##### ###.# ....#
#.....#############.#.# .##.##
##.###...@h.g....†.....#
.###.###.## #############.....#
.# ##...## ##...## .# ##.##
###h### .#####.# #.....# .......#
##.###.### .####### #..# #.... .#
#############..###.##.
.###########..................###


You could see a jackal and a goblin.

Vanquished Creatures
  An endoplasm (D:1)
  A giant cockroach (D:1)
  5 goblins (D:1)
  A hobgoblin (D:1)
  4 jackals (D:1)
  A ball python (D:1)
  2 bats (D:1)
  3 frilled lizards (D:1)
  2 kobolds (D:1)
  3 rats (D:1)
23 creatures vanquished.

Notes
Turn   | Place    | Note
-------+----------+-------------------------------------------
     0 | D:1      | Lobster4 the Ghoul Earth Elementalist began the quest for
                  | the Orb.
     0 | D:1      | Reached XP level 1. HP: 14/14 MP: 2/2
    99 | D:1      | Reached skill level 1 in Transmutations
   154 | D:1      | Reached XP level 2. HP: 20/20 MP: 3/3
   157 | D:1      | Learned a level 2 spell: Passwall
   199 | D:1      | HP: 1/20 [kobold/+0 club (4)]
   886 | D:1      | Reached XP level 3. HP: 5/27 MP: 1/4
   894 | D:1      | Slain by a jackal

Illustrated notes

Levels and vault maps discovered:
D:1:      lightli_arrival_statuegarden, layout_loops_ring,
          minmay_misc_feat_four_crosses

Skill      XL: |  1  2 |
---------------+-------+-----
Transmutations | 1 |  1.0
Dodging        | 2 |  2.0
Fighting       | |  0.5
Armour         | |  0.4
Stealth        | |  2.5
Spellcasting   | |  1.9
Conjurations   | |  0.6
Earth Magic    | |  3.6

Action                     || total
---------------------------++-------
  Melee: Unarmed           ||    16
         Dagger            ||    46
  Throw: Boomerang         ||     4
   Cast: Sandblast         ||    27
    Use: Scroll            ||     1
 Armour: Robe              ||    55
  Dodge: Dodged            ||    71

Table legend: (Time is in decaauts)
 A = Elapsed time spent in this place.
 B = Non-inter-level travel time spent in this place.
 C = Inter-level travel time spent in this place.
 D = Time resting spent in this place.
 E = Time spent auto-exploring this place.
 F = Levels seen in this place.
 G = Mean time per level.
                   A        B        C        D        E       F      G
               +--------+--------+--------+--------+--------+-----+--------+
         Total |    907 |    907 |      0 |     16 |    676 |   1 |  907.0 |
       Dungeon |    907 |    907 |      0 |     16 |    676 |   1 |  907.0 |
               +--------+--------+--------+--------+--------+-----+--------+

Top non-repeatable levels by time:
     D:1: 907 daAuts
